 Dungeon Crawl Stone Soup version 0.18-a0-1514-g6ed9364 (webtiles) character file.

515269 4thArraOfDagon the Ruinous (level 22, -2/146 HPs)
             Began as a Demigod Venom Mage on Mar 6, 2016.
             Slain by a bennu (4 damage)
             ... on level 2 of the Tomb of the Ancients.
             The game lasted 04:21:30 (31783 turns).

4thArraOfDagon the Ruinous (Demigod Venom Mage)    Turns: 31783, Time: 04:21:30

Health: -2/146     AC: 16    Str:  9    XL:     22   Next: 62%
Magic:  40/70      EV: 18    Int: 40    God:
Gold:   2883       SH:  7    Dex: 15    Spells: 12 memorised, 8 levels left

rFire  + + .     SeeInvis +     V - +3 falchion of the Moon {speed, *Noise rF- rC+++ rN+++}
rCold  + + +     Gourm    .     m - +2 troll leather armour of the Maze {rF+ MR+ Regen+ Int+2}
rNeg   + + +     Faith    .     Q - +2 buckler
rPois  +         Spirit   .     U - -2 hat of the Alchemist {rElec rPois rF+ rC+ rN+ MR+ rMut rCorr}
rElec  +         Dismiss  .     o - +2 cloak of the Thief {+Fog Slay-2 SInv Stlth+}
rCorr  +         Reflect  .     z - +1 pair of gloves {archery}
rMut   +         Harm     .     O - +2 pair of boots {run}
SustAt +                        N - amulet of magic regeneration
MR     ++++.                    n - ring "Adyvof" {Fire *Confuse MP+9 Int+3 Stlth+}
Stlth  ++++......               R - ring of magical power

@: very slightly contaminated, delayed fireball, studying Dodging, quick,
incredibly resistant to hostile enchantments, stealthy
A: antennae 1, rough black scales 1, camouflage 1, high mp 1, sense surroundings
1, slow regeneration 1, sustain attributes
a: Release Delayed Fireball, Evoke Fog
}: 4/15 runes: decaying, slimy, silver, gossamer


You were on level 2 of the Tomb of the Ancients.
You were not hungry.

You visited 10 branches of the dungeon, and saw 53 of its levels.
You also visited: Ossuary, Ice Cave and Volcano.

You collected 6419 gold pieces.
You spent 3536 gold pieces at shops.

Inventory:

Hand Weapons
 V - the +3 falchion of the Moon (weapon) {speed, *Noise rF- rC+++ rN+++}
   (You found it on level 3 of the Elven Halls)

   Attacks with this weapon are significantly faster.
   It makes you vulnerable to fire.
   It renders you almost immune to cold.
   It renders you almost immune to negative energy.
   It may make noises in combat.
Missiles
 P - a throwing net (quivered)
Armour
 m - the +2 troll leather armour of the Maze (worn) {rF+ MR+ Regen+ Int+2}
   (You bought it in a shop on level 3 of the Vaults)

   It affects your intelligence (+2).
   It protects you from fire.
   It affects your resistance to hostile enchantments.
   It increases your rate of regeneration.
 o - the +2 cloak of the Thief (worn) {+Fog Slay-2 SInv Stlth+}
   (You found it on level 3 of the Swamp)

   It affects your accuracy and damage with ranged weapons and melee attacks
   (-2).
   It lets you see invisible.
   It can be evoked to emit clouds of fog.
   It makes you more stealthy.
 z - a +1 pair of gloves of archery (worn)
 O - a +2 pair of boots of running (worn)
 Q - a +2 buckler (worn)
 U - the -2 hat of the Alchemist (worn) {rElec rPois rF+ rC+ rN+ MR+ rMut rCorr}
   (You found it on level 3 of the Elven Halls)

   It protects you from fire.
   It protects you from cold.
   It insulates you from electricity.
   It protects you from poison.
   It protects you from negative energy.
   It affects your resistance to hostile enchantments.
   It protects you from acid and corrosion.
   It protects you from mutation.
Magical Staves
 H - an uncursed staff of power {!a}
Rods
 r - a +5 rod of clouds (14/14)
   (You found it on level 6 of the Pits of Slime)
Jewellery
 n - the ring "Adyvof" (right hand) {Fire *Confuse MP+9 Int+3 Stlth+}
   (You took it off a deep elf demonologist on level 1 of the Elven Halls)

   [ring of fire]

   It enhances your fire magic, and weakens your ice magic.
   It affects your intelligence (+3).
   It protects you from fire.
   It makes you vulnerable to cold.
   It affects your magic capacity (+9).
   It may confuse you when you take damage.
   It makes you more stealthy.
 G - the ring of Lufunapp {rC+ MR+ Dex+7}
   (You found it on level 6 of the Pits of Slime)

   [ring of protection from cold]

   It affects your dexterity (+7).
   It protects you from cold.
   It affects your resistance to hostile enchantments.
 N - an amulet of magic regeneration (around neck)
 R - a ring of magical power (left hand)
 Z - the ring "Cuaguck Wuap" {Str+6 Int+3}
   (You found it on level 6 of the Pits of Slime)

   [ring of intelligence]

   It affects your strength (+6).
   It affects your intelligence (+3).
Wands
 i - a wand of hasting (8/9)
 A - a wand of digging (18/24)
 W - a wand of iceblast (11/15)
 X - a wand of disintegration (12/24)
Scrolls
 b - 3 scrolls of magic mapping
 t - 7 scrolls of recharging
 v - 7 scrolls of fog
 x - 3 scrolls of amnesia
 y - 8 scrolls of remove curse
 D - 11 scrolls of teleportation
 J - a scroll of identify
 M - 5 scrolls of immolation
Potions
 a - 11 potions of curing
 d - a potion of resistance
 p - 4 potions of cure mutation
 s - 3 potions of ambrosia
 C - 3 potions of agility
 E - 6 potions of magic
 L - 6 potions of flight
 T - 5 potions of haste
 Y - 3 potions of invisibility
Books
 f - a manual of Dodging
 g - a Necronomicon

   Spells                             Type                      Level
   a - Haunt                          Necromancy/Summoning         7
   b - Borgnjor's Revivification      Necromancy                   8
   c - Death's Door                   Charms/Necromancy            8
   d - Necromutation                  Transmutation/Necromancy     8
 u - a book of Annihilations

   Spells                             Type                      Level
   a - Poison Arrow                   Conjuration/Poison           6
   b - Chain Lightning                Conjuration/Air              8
   c - Lehudib's Crystal Spear        Conjuration/Earth            8
   d - Glaciate                       Conjuration/Ice              9
   e - Fire Storm                     Conjuration/Fire             9
Miscellaneous
 e - a plain deck of summoning {Xom, drawn: 2}
 h - a plain deck of summoning {drawn: 1}
 k - a sack of spiders {used: 2}
 q - a lamp of fire
 B - a plain deck of escape {the Elixir, drawn: 3}
 I - 4 phantom mirrors
 K - a fan of gales (inert)
 S - a crystal ball of energy
Comestibles
 c - 26 bread rations
 j - 22 meat rations


   Skills:
 - Level 1.5 Fighting
 - Level 11.0 Dodging
 - Level 1.7 Stealth
 - Level 5.0 Shields
 * Level 19.8 Spellcasting
 - Level 21.3 Conjurations
 - Level 20.2 Fire Magic
 - Level 3.6 Air Magic
 - Level 7.2 Poison Magic
 - Level 3.3 Evocations


You had 8 spell levels left.
You knew the following spells:

 Your Spells              Type           Power        Failure   Level  Hunger
a - Fire Storm            Conj/Fire      ########..   17%         9    #####..
b - Cure Poison           Pois           #######...   1%          2    None
c - Bolt of Fire          Conj/Fire      ########..   1%          6    None
d - Iron Shot             Conj/Erth      #######...   1%          6    None
e - Stone Arrow           Conj/Erth      ######       1%          3    None
f - Fireball              Conj/Fire      ########..   0%          5    None
g - Delayed Fireball      Conj/Fire      N/A          1%          7    None
h - Poison Arrow          Conj/Pois      ########..   1%          6    None
i - Haste                 Chrm           #####...     98%         6    None
j - Passage of Golubria   Tloc           N/A          12%         4    None
k - Swiftness             Chrm/Air       ######..     1%          2    None
l - Apportation           Tloc           #####.....   1%          1    None


Dungeon Overview and Level Annotations

Branches:
Dungeon (15/15)            Temple (0/1) D:5            Lair (8/8) D:8
  Swamp (4/4) Lair:5       Spider (4/4) Lair:3        Slime (6/6) Lair:8
    Orc (2/2) D:10            Elf (3/3) Orc:2        Vaults (5/5) D:14
  Crypt (3/3) Vaults:2       Tomb (3/3) Crypt:3
 Depths: D:15

Shops:
D:10 (   Orc:2 [*(=   Vaults:2 %   Vaults:3 [

Annotations:
D:13 Emanloe's ghost, journeyman MiBe
D:14 Azrael
D:15 Uhlv's ghost, journeyman HOFi
Swamp:3 exclusion: downstairs


Innate Abilities, Weirdness & Mutations

You have an increased reservoir of magic (+10% MP).
Your attributes are resistant to harm.
You have a pair of small antennae on your head.
You are partially covered in rough black scales (AC +4, Dex -1).
Your skin changes colour to match your surroundings (Stealth).
You passively map a small area around you.
You regenerate slowly when monsters are visible.


Message History

You reach into the bag... ...but nothing happens.
Your air elemental misses the bennu.
Your centaur shoots an arrow.
The arrow hits the bennu!
The arrow disappears in a puff of smoke!
Unknown command.
Drink which item? (? for menu, Esc to quit)
Okay, then.
What do you say? t - Shout!
Orders for allies: a - Attack new target. r - Retreat! s - Stop attacking. w - Wait here. f - Follow me.
Anything else - Stay silent.
Gang up on whom?
Press: ? - help, Dir - move target cursor, f - bennu
Aim: a bennu (lightly wounded) Attack!
Your air elemental hits the bennu!
Your centaur unwields an uncursed shortbow.
Your centaur misses the bennu. The bennu misses you. The bennu claws you.
You die...

##. , ..
. , * *
M .. ,
##... ,
..#..
...#. ,,
*, ,
....# ,
{ *
....# ,
######
....# ,
, #.Eb@#
...#.
,#..ac#
.M#..
#...>#
##...
#...^#
VZ .., ,
#...^#
... .
#....#
##. ,
,,#....#
, ,
#....#
,,, , ,
,#.^.^#


You could see a bennu, a friendly soldier ant, a friendly air elemental and a
friendly centaur.

Vanquished Creatures
  Dissolution (Slime:4)
  the Royal Jelly (Slime:6)
  3 ancient liches
  Sojobo (Vaults:2)
  2 greater mummies (Tomb:1)
  Frederick (Vaults:2)
  Xtahua (Vaults:2)
  Nikola (Swamp:3)
  A bone dragon (Crypt:3)
  2 tentacled monstrosities (Vaults:5)
  3 liches
  The ghost of ilikecats the Impregnable, an adept HOFi of Beogh (Slime:6)
  3 titans (Vaults:5)
  A deep elf blademaster (Elf:3)
  2 deep elf master archers (Elf:3)
  26 acid blobs
  3 ancient champions
  10 sphinxes
  6 tengu reavers
  A thorn hunter (Swamp:3)
  4 shadow dragons (Vaults:5)
  A storm dragon (Vaults:5)
  The ghost of aimeelou the Spry, an adept HECj of Vehumet (Swamp:4)
  12 azure jellies
  2 revenants (Tomb:1)
  2 frost giants
  An iron dragon (Vaults:5)
  12 deep elf sorcerers
  4 fire giants (Vaults:5)
  An orc warlord (Orc:2)
  4 ghost moths (Spider:4)
  9 vault wardens
  3 emperor scorpions (Spider:4)
  9 ghouls
  3 deep elf elementalists (Elf:3)
  10 ironheart preservers
  3 war gargoyles
  2 vampire knights (Crypt:3)
  A reaper (Crypt:2)
  8 stone giants
  A salamander stormcaller (Vaults:5)
  6 deep elf demonologists
  5 bennus (Tomb:2)
  2 spark wasps (Spider:4)
  14 deep elf annihilators
  7 ettins
  2 crystal guardians (Crypt:3)
  3 jiangshi (Crypt:3)
  31 vault guards
  7 deep elf death magi
  A large abomination (Vaults:5)
  9 mummy priests
  8 death oozes (Slime:6)
  7 deep elf high priests
  2 fire dragons
  6 yaktaur captains (Vaults:5)
  3 entropy weavers
  The ghost of tasslehoff34 the Protected, a journeyman MiFi of Qazlal (IceCv)
  4 great orbs of eyes
  An entropy weaver (shapeshifter) (Vaults:5)
  A rakshasa (Vaults:2)
  19 hydras
  A ghost crab (Swamp:4)
  8 alligators
  2 ogre magi
  13 dancing weapons
  6 death yaks
  3 death knights
  3 centaur warriors
  2 vampire magi (Crypt:3)
  An orc high priest (Orc:2)
  Urug (D:11)
  2 titan zombies (Crypt:3)
  18 deep elf knights
  5 hell knights (Crypt:3)
  The ghost of Duffy the Carver, a novice MiCK of Xom (D:9)
  A fire crab (Vaults:4)
  13 death scarabs
  A wizard (Vaults:2)
  3 unseen horrors
  2 shadow wraiths
  A golden dragon zombie (Crypt:3)
  23 skeletal warriors
  4 spriggan druids
  A storm dragon skeleton (Crypt:3)
  A flayed ghost (Crypt:3)
  12 swamp dragons
  A giant orange brain (Vaults:5)
  8 deep trolls
  13 deep elf archers
  2 shambling mangroves
  8 orc knights
  7 phantasmal warriors
  2 small abominations (Elf:3)
  8 hill giants
  17 anubis guards
  Pikel (D:4)
  An anubis guard (shapeshifter) (Elf:1)
  11 ironbrand convokers
  4 lindwurms
  2 ugly things
  10 necromancers
  An orb spider (shapeshifter) (D:15)
  10 orc sorcerers
  5 griffons
  6 hornets
  25 orb spiders
  32 wolf spiders
  A manticore (shapeshifter) (Vaults:5)
  43 deep elf magi
  A hornet (shapeshifter) (D:14)
  8 shining eyes
  12 elephants
  A manticore (D:15)
  A salamander (shapeshifter) (Vaults:4)
  5 cyclopes
  2 moths of wrath
  2 black mambas
  Maurice (Orc:1)
  4 eyes of devastation
  9 vault sentinels
  A fire giant skeleton (Tomb:3)
  A shock serpent skeleton (Crypt:3)
  6 torpor snails (Lair:8)
  16 spiny frogs
  2 gargoyles
  3 rime drakes
  An efreet (D:15)
  5 komodo dragons
  7 yaktaurs
  2 yaktaurs (shapeshifter)
  15 guardian mummies
  6 demonic crawlers
  2 kobold demonologists (D:13)
  5 freezing wraiths
  3 tengu conjurers (D:13)
  A death yak skeleton (Crypt:2)
  29 jumping spiders
  A catoblepas skeleton (Crypt:3)
  7 giant leeches
  8 trolls
  10 polar bears (IceCv)
  4 yaktaur skeletons (Vaults:2)
  4 two-headed ogres
  A troll (shapeshifter) (Vaults:3)
  114 slime creatures
  Prince Ribbit (D:9)
  15 blink frogs
  4 ushabtiu
  3 boulder beetles
  4 bog bodies
  A stone giant simulacrum (Vaults:1)
  A fire dragon zombie (Crypt:3)
  2 fire giant simulacra
  3 ettin skeletons
  Sigmund (D:3)
  22 flying skulls
  2 water elementals (Elf:3)
  An ice dragon skeleton (Crypt:3)
  5 wraiths
  81 redbacks
  4 air elementals
  3 shadows
  23 tarantellas
  31 yaks
  A yak (shapeshifter) (Vaults:1)
  7 spriggans
  A centaur simulacrum (D:15)
  A basilisk (Lair:8)
  A black mamba skeleton (Crypt:3)
  2 wyverns
  3 golden eyes (Slime:4)
  5 fire elementals
  9 vampire mosquitoes
  A yaktaur simulacrum (Vaults:1)
  A hungry ghost (D:13)
  11 hippogriffs
  3 mottled dragons
  12 wolves
  30 swamp worms
  Edmund (D:4)
  10 insubstantial wisps
  4 wargs
  6 porcupines
  10 water moccasins
  2 soldier ants
  Duvessa (D:4)
  14 ice beasts
  A snapping turtle zombie (Crypt:3)
  10 swamp drakes
  A slave (D:3)
  42 orc warriors
  7 eyes of draining
  7 wasps
  A necrophage (Crypt:2)
  20 ogres
  2 sky beasts
  A boggart (Vaults:3)
  12 centaurs
  2 orc skeletons (Vaults:2)
  7 crocodiles
  3 human skeletons (Vaults:2)
  Blork the orc (D:4)
  A wyvern zombie (D:8)
  5 big kobolds
  4 earth elementals
  11 giant frogs
  Dowan (D:4)
  A water moccasin zombie (D:7)
  A wyvern skeleton (D:8)
  A water moccasin skeleton (D:6)
  2 scorpions
  19 killer bees
  14 wights
  2 howler monkeys
  An electric eel (Spider:3)
  5 crimson imps
  A centaur zombie (Ossuary)
  3 giant frog zombies
  A human zombie (Ossuary)
  22 orc priests
  A giant frog skeleton (D:7)
  32 jellies
  25 orc wizards
  A hound (D:6)
  An iguana (D:10)
  9 worker ants
  14 sheep
  A giant frog simulacrum (D:10)
  A big kobold zombie (Ossuary)
  A hound zombie (D:7)
  4 hound skeletons
  14 mummies
  14 gnolls
  A howler monkey skeleton (Crypt:2)
  15 adders
  29 river rats
  5 shadow imps
  A white imp (Vaults:4)
  6 oozes
  32 worms
  3 giant geckos
  88 orcs
  4 bats
  3 giant cockroaches
  5 goblins
  2 hobgoblins
  4 jackals (D:5)
  5 quokkas
  2 ball pythons
  6 giant newts
  A gnoll zombie (Ossuary)
  2 hobgoblin zombies (Ossuary)
  6 kobolds
  9 rats
  2 crawling corpses
  A fire vortex (Tomb:2)
  3 fungi
  2 lost souls
  6 plants
1864 creatures vanquished.

Vanquished Creatures (collateral kills)
  A golden dragon (Vaults:5)
  A deep elf blademaster (Elf:3)
  2 acid blobs (Slime:6)
  A war gargoyle (Vaults:5)
  A hell knight (Crypt:3)
  A golden dragon zombie (Crypt:3)
  A death scarab (Tomb:1)
  A deep elf mage (Vaults:5)
  A spiny frog (Lair:6)
  A necrophage (Crypt:3)
  A quokka skeleton (Crypt:2)
12 creatures vanquished.

Vanquished Creatures (others)
  20 death scarabs
  A golden dragon skeleton (Tomb:2)
  A harpy zombie (Tomb:2)
  A polar bear (IceCv)
  2 flying skulls (Tomb:2)
  2 yaks (IceCv)
  3 wolves (IceCv)
  A centaur skeleton (D:4)
  A naga skeleton (Tomb:2)
  A bush (D:15)
  2 crawling corpses (Elf:3)
  86 fire vortices
  12 fungi
  8 lost souls
  8 plants
149 creatures vanquished.

Grand Total: 2025 creatures vanquished

Notes
Turn   | Place    | Note
--------------------------------------------------------------
     0 | D:1      | 4thArraOfDagon the Demigod Venom Mage began the quest for the Orb.
     0 | D:1      | Reached XP level 1. HP: 14/14 MP: 5/5
     0 | D:1      | safemode=on
   146 | D:1      | Reached skill level 1 in Conjurations
   190 | D:2      | Reached XP level 2. HP: 17/20 MP: 1/7
   289 | D:2      | Reached skill level 2 in Conjurations
   389 | D:2      | Learned a level 2 spell: Cure Poison
   398 | D:2      | Reached XP level 3. HP: 18/26 MP: 5/8
   635 | D:3      | Reached skill level 3 in Conjurations
   728 | D:3      | Learned a level 3 spell: Mephitic Cloud
   784 | D:3      | Noticed Sigmund
   797 | D:3      | Killed Sigmund
   797 | D:3      | Reached XP level 4. HP: 33/33 MP: 3/10
   797 | D:3      | Reached XP level 5. HP: 38/38 MP: 3/11
   958 | D:3      | Reached skill level 1 in Fighting
  1085 | D:4      | Noticed a slave
  1085 | D:4      | Noticed a slave
  1088 | D:4      | Noticed Pikel
  1115 | D:3      | Killed a slave
  1241 | D:4      | Noticed a slave
  1281 | D:4      | Noticed a slave
  1333 | D:4      | Killed Pikel
  1333 | D:4      | Reached skill level 5 in Conjurations
  1333 | D:4      | Reached XP level 6. HP: 31/47 MP: 0/14
  1333 | D:4      | Reached XP level 7. HP: 34/52 MP: 0/15
  1348 | D:4      | Learned a level 5 spell: Venom Bolt
  1520 | D:5      | Entered Level 5 of the Dungeon
  1765 | D:6      | Found a glowing golden altar of the Shining One.
  1767 | D:6      | Found an ancient bone altar of Kikubaaqudgha.
  1767 | D:6      | Found a basalt altar of Yredelemnul.
  1769 | D:6      | Found a bloodstained altar of Trog.
  1776 | D:6      | Found an iron altar of Okawaru.
  2460 | D:7      | Reached XP level 8. HP: 34/59 MP: 8/17
  2530 | D:7      | Reached skill level 6 in Conjurations
  2648 | D:7      | Reached skill level 5 in Poison Magic
  2863 | D:7      | Learned a level 3 spell: Stone Arrow
  2999 | D:8      | Found a sand-covered staircase.
  3007 | Ossuary  | Entered an ossuary
  3216 | Ossuary  | heavy
  3218 | Ossuary  | Gained mutation: You have a pair of small antennae on your head. [potion of mutation]
  3218 | Ossuary  | Gained mutation: You are agile. (Dex +2) [potion of mutation]
  3218 | Ossuary  | Gained mutation: Potions and wands are less effective at restoring your health. [potion of mutation]
  3219 | Ossuary  | Gained mutation: You are very agile. (Dex +4) [potion of mutation]
  3219 | Ossuary  | Gained mutation: Your skin changes colour to match your surroundings (Stealth). [potion of mutation]
  3219 | Ossuary  | Gained mutation: Your natural rate of healing is unusually fast. [potion of mutation]
  3220 | Ossuary  | Gained mutation: Your flesh is heat resistant. [potion of mutation]
  3221 | Ossuary  | Gained mutation: You occasionally shout uncontrollably at your foes. [potion of mutation]
  3221 | Ossuary  | Lost mutation: Your natural rate of healing is unusually fast. [potion of mutation]
  3222 | Ossuary  | Gained mutation: You are partially covered in rough black scales (AC +4, Dex -1). [potion of mutation]
  3222 | Ossuary  | Gained mutation: You passively map a small area around you. [potion of mutation]
  3223 | Ossuary  | Lost mutation: You are very agile. (Dex +4) [potion of mutation]
  3223 | Ossuary  | Lost mutation: You are agile. (Dex +2) [potion of mutation]
  3223 | Ossuary  | Gained mutation: Your mind is acute. (Int +2) [potion of mutation]
  3224 | Ossuary  | Gained mutation: Your muscles are strong. (Str +2) [potion of mutation]
  3224 | Ossuary  | Lost mutation: Your muscles are strong. (Str +2) [potion of mutation]
  3225 | Ossuary  | Lost mutation: You occasionally shout uncontrollably at your foes. [potion of mutation]
  3225 | Ossuary  | Lost mutation: Potions and wands are less effective at restoring your health. [potion of mutation]
  3492 | D:8      | Found a staircase to the Lair.
  3686 | D:8      | Got an aquamarine-encrusted chain mail
  3729 | D:8      | Identified the +13 chain mail of the Barracuda {rC- rCorr Int-3 SInv} (You found it on level 8 of the Dungeon)
  3793 | D:8      | Reached skill level 7 in Conjurations
  4052 | D:5      | Found a snail-covered altar of Cheibriados.
  4052 | D:5      | Found a burning altar of Makhleb.
  4149 | D:6      | Reached XP level 9. HP: 58/64 MP: 13/19
  4180 | D:6      | emiel: wow
  4201 | D:6      | emiel: what a terrible sprite
  4231 | D:6      | emiel: on that howler monkey
  4246 | D:6      | Found a glowing golden altar of the Shining One.
  4324 | D:6      | Found a shadowy altar of Dithmenos.
  4371 | D:5      | Reached skill level 5 in Spellcasting
  4557 | D:4      | Noticed Edmund
  4561 | D:4      | Killed Edmund
  4562 | D:4      | Noticed Duvessa
  4570 | D:4      | Killed Duvessa
  4571 | D:4      | Noticed Dowan
  4574 | D:4      | Killed Dowan
  4629 | D:4      | Noticed Blork the orc
  4669 | D:4      | Killed Blork the orc
  5028 | D:9      | Noticed Duffy's ghost (novice MiCK)
  5174 | D:9      | Reached skill level 8 in Conjurations
  5222 | D:10     | Entered Level 10 of the Dungeon
  5394 | D:11     | Reached skill level 9 in Conjurations
  5492 | D:11     | Gained mutation: You have a pair of antennae on your head. [potion of mutation]
  5492 | D:11     | Lost mutation: Your flesh is heat resistant. [potion of mutation]
  5629 | D:11     | Learned a level 5 spell: Fireball
  5684 | D:11     | Noticed a hill giant
  5702 | D:11     | Killed a hill giant
  5702 | D:11     | Reached skill level 1 in Fire Magic
  5721 | D:11     | Reached XP level 10. HP: 58/72 MP: 12/23
  5982 | D:10     | Noticed a hill giant
  5998 | D:10     | archaeo: probably just a temporary tile
  6012 | D:10     | Killed a hill giant
  6231 | D:10     | Found a staircase to the Orcish Mines.
  6363 | D:8      | Reached skill level 10 in Conjurations
  6392 | D:8      | emiel: yeah it looks like it
  6577 | D:9      | Noticed Prince Ribbit
  6578 | D:9      | Found a viscous altar of Jiyva.
  6582 | D:9      | Killed Prince Ribbit
  6945 | D:10     | Learned a level 7 spell: Delayed Fireball
  7077 | D:10     | Found Meystru's Weapon Shoppe.
  7092 | D:10     | Noticed a hill giant
  7094 | D:10     | Killed a hill giant
  7094 | D:10     | Reached skill level 5 in Fire Magic
  7133 | D:11     | Noticed a hill giant
  7138 | D:11     | Killed a hill giant
  7193 | D:11     | Noticed Urug
  7209 | D:11     | Killed Urug
  7336 | D:11     | Found a sacrificial altar of Ru.
  7486 | D:12     | Noticed a red ugly thing
  7499 | D:12     | Killed a red ugly thing
  7499 | D:12     | Reached XP level 11. HP: 78/78 MP: 19/25
  7613 | D:12     | Found a runed door.
  7899 | D:12     | Noticed a hill giant
  7901 | D:12     | Killed a hill giant
  7901 | D:12     | Reached skill level 11 in Conjurations
  7952 | D:12     | Noticed a skeletal warrior
  7986 | D:12     | Killed a skeletal warrior
  8057 | D:12     | Killed an unseen horror
  8066 | D:12     | Noticed an ettin
  8068 | D:12     | Killed an ettin
  8082 | D:12     | Got a smoking battleaxe
  8083 | D:12     | Identified the cursed +0 battleaxe of Bankruptcy {drain, MR+ SInv Stlth+} (You found it on level 12 of the Dungeon)
  8277 | D:13     | Turgon: A conjurer without Sif and without Veh, that's gonna be tough...
  8387 | D:13     | Noticed Emanloe's ghost (journeyman MiBe)
  8399 | D:12     | 4thArraOfDagon: yea
  8399 | D:12     | 4thArraOfDagon: i have no other options tho:/
  8399 | D:12     | 4thArraOfDagon: no good weapon
  8474 | D:13     | Turgon: A lot will depend on the question if you find poison arrow spell
  8504 | D:12     | Turgon: and staff of energy
  8671 | D:13     | Turgon: Oh wait, you play trunk, there's amulet magic regen as well
  8739 | D:13     | 4thArraOfDagon: amulet
  8739 | D:13     | 4thArraOfDagon: gives you only 0.2 per turn
  8739 | D:13     | Turgon: oh
  8739 | D:13     | 4thArraOfDagon: so extra 1mp per 5 turns
  8739 | D:13     | 4thArraOfDagon: this isnt much
  8764 | D:13     | Turgon: right, I didn't know this
  8775 | D:13     | Noticed a hill giant
  8786 | D:13     | Killed a hill giant
  8786 | D:13     | Reached skill level 12 in Conjurations
  9077 | D:14     | Reached XP level 12. HP: 68/84 MP: 28/28
  9080 | D:13     | 4thArraOfDagon: im yet to see a char that regens 2mp per turn
  9105 | D:14     | Noticed Azrael
  9105 | D:14     | Drew Focus: Int increased to 28, Str decreased to 10
  9115 | D:13     | Drew Focus: Int increased to 29, Str decreased to 9
  9116 | D:13     | Lost mutation: You have a pair of antennae on your head. [helix card]
  9119 | D:13     | jacquesderrida: DEGING
  9126 | D:13     | Learned a level 6 spell: Poison Arrow
  9126 | D:13     | jacquesderrida: ARCHER IS THAT YOU
  9137 | D:13     | 4thArraOfDagon: no
  9137 | D:13     | 4thArraOfDagon: im c
  9137 | D:13     | 4thArraOfDagon: on
  9137 | D:13     | 4thArraOfDagon: jur
  9137 | D:13     | 4thArraOfDagon: er
  9154 | D:13     | jacquesderrida: Archer, your side won, they didn't have that rim
  9163 | D:13     | Turgon: well, with pArrow you solved many problems!
  9183 | D:13     | jacquesderrida: They told me to fuck off and choose another
  9206 | D:12     | archaeo: good
  9213 | D:12     | jacquesderrida: I am not wearing Renome 227 any time soon...
  9249 | D:13     | jacquesderrida: http://static2.ozone.ru/multimedia/audio_cd_covers/1013189128.jpg
  9249 | D:13     | jacquesderrida: I am buying these instead LOL
  9310 | D:14     | jacquesderrida: http://static2.ozone.ru/multimedia/soft_other/1013189126.jpg
  9329 | D:14     | Noticed a four-headed hydra
  9341 | D:14     | Killed a four-headed hydra
  9363 | D:14     | Found a basalt altar of Yredelemnul.
  9376 | D:14     | jacquesderrida: They are willing to give me a tissue to clean it with too! WHat a deal!!
  9539 | D:15     | Entered Level 15 of the Dungeon
  9632 | D:15     | Turgon: You have Annihilations!
  9667 | D:15     | archaeo: those might be okay JD I have no idea what your face is like
  9709 | D:15     | jacquesderrida: T R I A N G L E
  9802 | D:15     | jacquesderrida: I read many advices, they all say big round lenses are to go for
  9843 | D:15     | archaeo: dude you do you JD
  9920 | D:15     | Noticed Uhlv's ghost (journeyman HOFi)
  9934 | D:15     | jacquesderrida: i jd
 10012 | D:14     | jacquesderrida: I just hope they are fit for astigmatism lenses!!
 10017 | D:14     | Noticed a centaur warrior
 10021 | D:14     | Killed a centaur warrior
 10031 | D:14     | jacquesderrida: I heard through a grapevine not all rims are suited for them!!
 10139 | D:15     | Noticed a centaur warrior
 10140 | D:15     | Killed a centaur warrior
 10140 | D:15     | Reached skill level 10 in Fire Magic
 10156 | D:15     | Reached skill level 13 in Conjurations
 10488 | Orc:1    | Entered Level 1 of the Orcish Mines
 10489 | Orc:1    | Noticed a stone giant
 10493 | Orc:1    | Killed a stone giant
 10558 | Orc:2    | Entered Level 2 of the Orcish Mines
 10870 | Orc:2    | archaeo: how are new mines for going fast 4tharra
 11088 | Orc:1    | Noticed Maurice
 11090 | Orc:1    | Killed Maurice
 11090 | Orc:1    | Reached XP level 13. HP: 90/90 MP: 24/30
 11127 | Orc:1    | 4thArraOfDagon: very good
 11127 | Orc:1    | 4thArraOfDagon: there are still random amounts of exp and gold
 11127 | Orc:1    | 4thArraOfDagon: not consistent
 11127 | Orc:1    | 4thArraOfDagon: but it was always like that anyway so np
 11214 | Orc:1    | Paralysed by an orc sorcerer for 6 turns
 11240 | Orc:1    | Found a bloodstained altar of Trog.
 11546 | Orc:1    | jacquesderrida: what are the new mines
 11601 | Orc:1    | jacquesderrida: A mine collapsed a week ago in slavinskia
 11608 | Orc:1    | jacquesderrida: Everyone is mourning
 11672 | Orc:1    | jacquesderrida: I guess stomachs don't hurt so much when you are mourning
 11715 | Orc:2    | jacquesderrida: And by hurt I mean ACHE
 11734 | Orc:2    | jacquesderrida: sory americanski
 12054 | Orc:2    | Found a staircase to the Elven Halls.
 12055 | Orc:2    | Noticed an orc warlord
 12097 | Orc:2    | Killed an orc warlord
 12370 | Orc:2    | Reached skill level 14 in Conjurations
 12393 | Orc:2    | Found a roughly hewn altar of Beogh.
 12398 | Orc:2    | Found Cacymp's General Store.
 12417 | Orc:2    | Found Qosasm's Jewellery Boutique.
 12433 | Orc:2    | Found Olosmipn's Antique Weapon Boutique.
 12449 | Orc:2    | Found Torixas's Antique Armour Boutique.
 12465 | Orc:2    | archaeo: :/
 12473 | Orc:2    | Bought a potion of heal wounds for 70 gold pieces
 12473 | Orc:2    | Bought a scroll of teleportation for 42 gold pieces
 12473 | Orc:2    | Bought a potion of magic for 112 gold pieces
 12493 | Orc:2    | Bought an uncursed amulet of magic regeneration for 450 gold pieces
 12573 | Elf:1    | Entered Level 1 of the Elven Halls
 12611 | Elf:1    | Noticed a deep elf annihilator
 12760 | Elf:2    | Noticed a deep elf sorcerer
 12996 | Elf:1    | Killed a deep elf annihilator
 12998 | Elf:1    | Turgon: Do you want to do E:3 now?
 13044 | Elf:1    | Noticed a deep elf demonologist
 13048 | Elf:1    | Reached skill level 10 in Spellcasting
 13061 | Elf:1    | Reached XP level 14. HP: 96/96 MP: 23/32
 13073 | Elf:1    | Turgon: Or just E:1 and E:2 and then Lair?
 13162 | Elf:1    | 4thArraOfDagon: just this vault
 13172 | Elf:1    | Turgon: alright
 13173 | Elf:1    | archaeo: mana regen amulet is almost as good as channeling
 13176 | Elf:1    | archaeo: but not quite
 13205 | Elf:1    | Got a serpentine bone ring
 13207 | Elf:1    | Identified the ring "Adyvof" {Fire *Confuse MP+9 Int+3 Stlth+} (You took it off a deep elf demonologist on level 1 of the Elven Halls)
 13339 | Orc:2    | Turgon: You found wiz and magical power as well!
 13340 | Orc:2    | Turgon: RNG is really on your side
 13356 | Orc:2    | Bought a spiked chain mail for 342 gold pieces
 13356 | Orc:2    | Bought a transparent plate armour for 1008 gold pieces
 13366 | Orc:2    | Identified the +9 plate armour of Egalitarianism {Int+6 SInv Stlth+} (You bought it in a shop on level 2 of the Orcish Mines)
 13366 | Orc:2    | archaeo: damn son
 13376 | Orc:2    | Identified the cursed +1 chain mail of Ytibbaur {+Blink Str+2} (You bought it in a shop on level 2 of the Orcish Mines)
 13535 | Lair:1   | Entered Level 1 of the Lair of Beasts
 13651 | Lair:3   | Found a hole to the Spider Nest.
 13734 | Lair:4   | Reached skill level 15 in Conjurations
 13767 | Lair:4   | Found a frozen archway.
 13784 | IceCv    | Entered an ice cave
 13927 | IceCv    | Noticed tasslehoff34's ghost (journeyman MiFi)
 13929 | IceCv    | 4thArraOfDagon: tanky ghosts
 13931 | IceCv    | Turgon: Well, iron shot would deal with them
 13933 | IceCv    | Killed tasslehoff34's ghost
 14001 | IceCv    | Turgon: Maybe you find it later in E:3 or V:5
 14149 | IceCv    | Turgon: you already have iron shot??
 14204 | IceCv    | Noticed a frost giant
 14206 | IceCv    | Killed a frost giant
 14215 | IceCv    | 4thArraOfDagon: yea
 14215 | IceCv    | Turgon: wow
 14293 | Lair:5   | archaeo: jeez
 14307 | Lair:5   | Found a dark tunnel.
 14318 | Volcano  | Entered a volcano
 14649 | Lair:6   | Learned a level 9 spell: Fire Storm
 14787 | Lair:8   | Entered Level 8 of the Lair of Beasts
 15078 | Lair:8   | jacquesderrida: dang
 15126 | Lair:8   | Reached XP level 15. HP: 102/102 MP: 34/34
 15189 | Lair:8   | Found a runed door.
 15301 | Lair:8   | archaeo: *confuse strikes again
 15627 | Lair:8   | Found a viscous altar of Jiyva.
 15627 | Lair:8   | Found a staircase to the Slime Pits.
 15796 | Lair:6   | Reached skill level 16 in Conjurations
 15815 | Lair:6   | jacquesderrida: http://www.amazon.com/The-Sufferings-Prince-Sternenhoch-Grotesque/dp/8086264335
 15831 | Lair:6   | jacquesderrida: Archer, recommen this to american academia
 15870 | Lair:6   | jacquesderrida: Force them to push it into american schools
 15901 | Lair:6   | jacquesderrida: Make it new bible
 16040 | Lair:5   | Found a staircase to the Swamp.
 16149 | Swamp:1  | Entered Level 1 of the Swamp
 16264 | Swamp:2  | Got a polished dagger
 16352 | Swamp:1  | archaeo: doesn't sound like a hit
 16435 | Swamp:2  | jacquesderrida: https://en.wikipedia.org/wiki/Ladislav_Klíma#Life
 16439 | Swamp:2  | jacquesderrida: He was a hit
 16440 | Swamp:2  | Got an ancient leather armour
 16560 | Swamp:2  | jacquesderrida: Klíma spent the later part of his life living in a hotel, shining shoes for a living, drinking spirits and eating vermin. Klíma died of tuberculosis and is buried in Prague.
 16586 | Swamp:2  | jacquesderrida: My hero for the day
 16637 | Swamp:2  | 4thArraOfDagon: brb
 16656 | Swamp:2  | Identified the +8 dagger "Demonslayer" {elec, +Blink} (You found it on level 2 of the Swamp)
 16659 | Swamp:2  | Identified the +1 leather armour "Ecyfiuf" {rElec Regen+ Int+3} (You found it on level 2 of the Swamp)
 16712 | Swamp:2  | jacquesderrida: 'A Grotesque Tale of Horror'
 16717 | Swamp:2  | jacquesderrida: Dang mang
 16734 | Swamp:2  | jacquesderrida: Being a publisher is kool
 16752 | Swamp:2  | jacquesderrida: You can insert your micro reviews into book titles
 16761 | Swamp:4  | Entered Level 4 of the Swamp
 16761 | Swamp:4  | Noticed aimeelou's ghost (adept HECj)
 16791 | Swamp:3  | Noticed a thorn hunter
 16793 | Swamp:3  | Killed a thorn hunter
 16898 | Swamp:3  | Noticed Nikola
 16904 | Swamp:3  | Killed Nikola
 17148 | Swamp:4  | Reached skill level 15 in Fire Magic
 17448 | Swamp:4  | Reached XP level 16. HP: 108/108 MP: 36/36
 17451 | Swamp:4  | Killed aimeelou's ghost
 17451 | Swamp:4  | Reached skill level 17 in Conjurations
 17623 | Swamp:4  | Got a decaying rune of Zot
 18066 | Spider:1 | Entered Level 1 of the Spider Nest
 18078 | Spider:1 | archaeo: oh dang fog cloak
 18327 | Spider:1 | Learned a level 6 spell: Bolt of Fire
 18327 | Spider:1 | jacquesderrida: cloke
 18930 | Spider:3 | Got a fine leather armour
 18931 | Spider:3 | Identified the +2 leather armour of Claustrophobia {+Blink +Inv} (You found it on level 3 of the Spider Nest)
 19063 | Spider:3 | jacquesderrida: Dane mane
 19077 | Spider:3 | jacquesderrida: Is that the fabled power of magic regeneration
 19078 | Spider:3 | Got a pitted leather armour
 19089 | Spider:3 | Identified the cursed +1 leather armour of Raup {-Cast rElec rF+ Dex+2} (You found it on level 3 of the Spider Nest)
 19145 | Spider:4 | Entered Level 4 of the Spider Nest
 19653 | Spider:4 | Reached skill level 18 in Conjurations
 19749 | Spider:4 | Reached XP level 17. HP: 114/114 MP: 12/38
 20095 | Spider:4 | Got a gossamer rune of Zot
 20447 | Lair:7   | You fall through a shaft!
 20465 | Slime:1  | Entered Level 1 of the Pits of Slime
 20928 | Slime:2  | Found a viscous altar of Jiyva.
 21315 | Slime:4  | Noticed Dissolution
 21570 | Slime:3  | dont do this at home
 21577 | Slime:3  | You fall through a shaft for 2 floors!
 21740 | Slime:6  | Entered Level 6 of the Pits of Slime
 21754 | Slime:6  | Reached skill level 19 in Conjurations
 21771 | Slime:6  | Reached XP level 18. HP: 59/121 MP: 1/40
 21989 | Slime:6  | Noticed the Royal Jelly
 21995 | Slime:6  | Killed the Royal Jelly
 22001 | Slime:6  | Noticed ilikecats's ghost (adept HOFi)
 22006 | Slime:6  | Killed ilikecats's ghost
 22289 | Slime:6  | Identified a +5 rod of clouds (14/14) (You found it on level 6 of the Pits of Slime)
 22300 | Slime:6  | Got a clouded lead ring
 22360 | Slime:6  | jacquesderrida: hi
 22374 | Slime:6  | jacquesderrida: I bought a ring shaped as a cat
 22378 | Slime:6  | Got a slimy rune of Zot
 22394 | Slime:6  | Got a glittering wooden ring
 22398 | Slime:6  | jacquesderrida: https://mmedia2.ozone.ru/multimedia/spare_covers/1014074949.jpg
 22400 | Slime:6  | jacquesderrida: His name is Timon
 22401 | Slime:6  | Identified the ring of Lufunapp {rC+ MR+ Dex+7} (You found it on level 6 of the Pits of Slime)
 22403 | Slime:6  | Identified the ring "Cuaguck Wuap" {Str+6 Int+3} (You found it on level 6 of the Pits of Slime)
 22404 | Slime:6  | jacquesderrida: I am become the king of kitsch
 22428 | Slime:6  | Got a slimy lead amulet
 22555 | Slime:6  | Identified the amulet of Louxzaxikh {Faith rElec rN+} (You found it on level 6 of the Pits of Slime)
 22691 | Slime:4  | Killed Dissolution
 23047 | D:9      | Killed Duffy's ghost
 23435 | Elf:2    | Reached skill level 20 in Conjurations
 23559 | Elf:3    | Entered Level 3 of the Elven Halls
 23659 | Elf:3    | Lost mutation: Your mind is acute. (Int +2) [helix card]
 23725 | Elf:3    | BRB
 23819 | Elf:3    | Reached XP level 19. HP: 115/126 MP: 42/42
 24518 | Elf:3    | Identified the Handbook of Enhancements (You found it on level 3 of the Elven Halls)
 24522 | Elf:3    | Got a bone falchion
 24523 | Elf:3    | Identified the +3 falchion of the Moon {speed, *Noise rF- rC+++ rN+++} (You found it on level 3 of the Elven Halls)
 24524 | Elf:3    | hmmm
 24556 | Elf:3    | Learned a level 6 spell: Iron Shot
 24575 | Elf:3    | Identified Egopezatee's Incunabulum of the Snowflakes and Arcane Weapons (You found it on level 3 of the Elven Halls)
 24578 | Elf:3    | Identified the Tome of Burning Attacks (You found it on level 3 of the Elven Halls)
 24582 | Elf:3    | Identified the Guide on Creative Execration (You found it on level 3 of the Elven Halls)
 24623 | Elf:3    | Identified a +0 pair of boots of running (You found it on level 3 of the Elven Halls)
 24900 | D:14     | jacquesderrida: dang mang
 24911 | D:14     | Found a gate to the Vaults.
 24919 | Vaults:1 | Entered Level 1 of the Vaults
 24921 | Vaults:1 | jacquesderrida: Something happened to this crawl shit?!
 24976 | Vaults:2 | jacquesderrida: Suddenly it takes up 2 gigabytes of ram, 100% of cpu and freezes the whole system
 24978 | Vaults:2 | jacquesderrida: HAPPENED TWO TIMES NOW
 24982 | Vaults:2 | Noticed Frederick
 25015 | Vaults:1 | jacquesderrida: This time I was quick enough to end the process preemptively!
 25305 | Vaults:2 | Leszczynek: how many runes so far? two?
 25315 | Vaults:2 | Noticed Xtahua
 25321 | Vaults:2 | Killed Xtahua
 25340 | Vaults:2 | jacquesderrida: all roon
 25341 | Vaults:2 | Noticed Sojobo
 25351 | Vaults:2 | Killed Sojobo
 25547 | Vaults:3 | Reached skill level 1 in Shields
 25914 | Vaults:4 | Got a shimmering rapier
 25915 | Vaults:4 | Identified the +3 rapier "Qusuth" {pain, +Inv} (You found it on level 4 of the Vaults)
 26026 | Vaults:4 | 4thArraOfDagon: 3
 26059 | Vaults:3 | archaeo: how was TRJ
 26078 | Vaults:3 | Found Nouzanut's Armour Shop.
 26087 | Vaults:3 | archaeo: !!!1
 26087 | Vaults:3 | Bought the +2 troll leather armour of the Maze {rF+ MR+ Regen+ Int+2} for 927 gold pieces
 26087 | Vaults:3 | jacquesderrida: IT WAS OKEY THANKS FOR ASKING
 26087 | Vaults:3 | archaeo: dang
 26102 | Vaults:3 | jacquesderrida: Alchomiss!
 26102 | Vaults:3 | archaeo: good items
 26173 | Vaults:4 | Reached skill level 21 in Conjurations
 26187 | Vaults:4 | Reached XP level 20. HP: 134/134 MP: 44/44
 26371 | Vaults:5 | Entered Level 5 of the Vaults
 26377 | Vaults:5 | jacquesderrida: EGGSPLODE
 26379 | Vaults:5 | jacquesderrida: daaaaaaaaaaang
 26380 | Vaults:5 | archaeo: jeez
 26410 | Vaults:5 | Got a silver rune of Zot
 26645 | Vaults:5 | Reached skill level 1 in Evocations
 26883 | Vaults:5 | Reached skill level 5 in Shields
 26912 | Vaults:5 | Noticed an ancient lich
 26923 | Vaults:5 | Killed an ancient lich
 27180 | Vaults:5 | Learned a level 6 spell: Haste
 27266 | Vaults:5 | Got a crude falchion
 27267 | Vaults:5 | Identified the +9 falchion "Ewkem" {elec, rC+ MR++} (You found it on level 5 of the Vaults)
 27373 | Vaults:5 | Reached skill level 15 in Spellcasting
 27713 | Vaults:5 | jacquesderrida: Dang mang
 27764 | Vaults:5 | Noticed a golden dragon
 27770 | Vaults:5 | jacquesderrida: Turns out this glasses rim is produced by some obscure russky designer with 200 subscribers on facebook
 27776 | Vaults:5 | jacquesderrida: U N I Q U E
 27970 | Vaults:5 | Reached XP level 21. HP: 139/139 MP: 18/47
 28169 | Vaults:5 | Gained mutation: You regenerate slowly when monsters are visible. [mutagenic glow]
 28269 | Vaults:5 | Noticed an ancient lich
 28274 | Vaults:5 | UGH
 28274 | Vaults:5 | Killed an ancient lich
 28353 | Vaults:5 | Killed a golden dragon
 28492 | Vaults:5 | Identified Sif Muna's Incunabulum of the Voyage
 28505 | Vaults:5 | Learned a level 4 spell: Passage of Golubria
 28640 | Vaults:5 | Learned a level 2 spell: Swiftness
 28652 | Vaults:5 | Got a fine troll leather armour
 28739 | Vaults:4 | Identified the +4 troll leather armour of Wegangush {rElec rC+ Regen+ Int-3} (You took it off a yaktaur captain on level 5 of the Vaults)
 29016 | Vaults:2 | Killed Frederick
 29038 | Vaults:2 | Found Detintuy's Food Shoppe.
 29048 | Vaults:2 | Bought a meat ration for 65 gold pieces
 29048 | Vaults:2 | Bought a meat ration for 65 gold pieces
 29048 | Vaults:2 | Bought a bread ration for 65 gold pieces
 29048 | Vaults:2 | Bought a meat ration for 65 gold pieces
 29048 | Vaults:2 | Bought a meat ration for 65 gold pieces
 29048 | Vaults:2 | Bought a bread ration for 65 gold pieces
 29048 | Vaults:2 | Bought a bread ration for 65 gold pieces
 29048 | Vaults:2 | Bought a meat ration for 65 gold pieces
 29048 | Vaults:2 | Bought a bread ration for 65 gold pieces
 29360 | Vaults:2 | Found a staircase to the Crypt.
 29364 | Crypt:1  | Entered Level 1 of the Crypt
 29702 | Crypt:3  | Entered Level 3 of the Crypt
 29721 | Crypt:2  | Reached skill level 5 in Dodging
 29807 | Crypt:2  | Learned a level 1 spell: Apportation
 30006 | Crypt:3  | Noticed an ancient lich
 30042 | Crypt:3  | Killed an ancient lich
 30063 | Crypt:3  | Found a basalt altar of Yredelemnul.
 30132 | Crypt:3  | Reached skill level 10 in Dodging
 30368 | Crypt:3  | Reached XP level 22. HP: 89/146 MP: 0/50
 30817 | Crypt:3  | Found a staircase to the Tomb.
 30831 | Tomb:1   | Entered Level 1 of the Tomb of the Ancients
 31055 | Tomb:1   | Noticed a greater mummy
 31062 | Tomb:1   | Killed a greater mummy
 31288 | Tomb:1   | Noticed a greater mummy
 31292 | Tomb:1   | Killed a greater mummy
 31413 | Tomb:2   | Noticed a greater mummy
 31416 | Tomb:2   | Noticed an ancient lich
 31417 | Tomb:2   | Noticed a greater mummy
 31418 | Tomb:2   | Noticed a greater mummy
 31686 | Tomb:3   | Entered Level 3 of the Tomb of the Ancients
 31780 | Tomb:2   | HP: 1/146 [bennu (9)]
 31781 | Tomb:2   | 4thArraOfDagon: bye
 31783 | Tomb:2   | Slain by a bennu

Vault maps used:
D:1:      roderic_dead_forest, st_stairs_7, corexii_leaking_fountain
D:2:      minmay_door_path
D:3:      grunt_ministairs_7, uniq_sigmund
D:4:      first_bread, trog_hazing_becter, uniq_pikel, uniq_blork_the_orc,
          uniq_edmund, uniq_duvessa
D:5:      nicolae_overflow_hidden_temple, minmay_temple_entry_butterflies,
          uniq_grinder
D:6:      grunt_temple_overflow_open, lemuel_round_altar,
          nicolae_tso_swordbearing_angel
D:7:      wad_crossroads
D:8:      lair_0_dummy, gup_ossuary_entry_pyramid,
          hangedman_little_slice_of_home
D:9:      jiyva_altar_1, uniq_prince_ribbit1
D:10:     minmay_tri_box, orc_david_3
D:11:     nicolae_ru_the_path_less_chosen, uniq_urug
D:12:     lightli_airlock
D:13:     special_room
D:14:     david_vaults_4, yredelemnul_altar_generic, uniq_azrael
D:15:     grunt_enter_depths_hoard, minmay_hedge_maze
Lair:1:   st_stairs_3, minmay_holes, minmay_stone_trees_medium
Lair:2:   uniq_nergalle
Lair:3:   spider_nest_entry_funnel_web, st_stairs_8, bh_autumn_forest_stairs,
          uniq_snorg
Lair:4:   portal_ice_cave_entry_ice_beasts, uniq_rupert
Lair:5:   minmay_swamp_entry_wisps, nicolae_volcano_entry_vermiform
Lair:6:   infiniplex_staircase_pool_2
Lair:8:   wormcave, slime_altar_1
Swamp:1:  evilmike_swamp_ruin_house_5, infiniplex_staircase_pool
Swamp:2:  evilmike_swamp_ruin_house_1
Swamp:3:  evilmike_swamp_ruin_house_3, uniq_nikola
Swamp:4:  swamp_alternative, uniq_louise
Spider:1: nicolae_spider_nook
Spider:2: uniq_aizul, uniq_arachne
Spider:3: worms_lemuel
Spider:4: spider_rune_water, nicolae_spider_cling_ruins
Slime:2:  basic_altar
Slime:4:  dissolution_awaits
Orc:1:    basic_altar, uniq_maurice
Orc:2:    grunt_orc_cross
Elf:1:    orc_legates
Elf:3:    elf_hall
Vaults:1: nicolae_vaults_asterisk, nicolae_vaults_ninety_degrees,
          hangedman_vaults_locks, nicolae_vaults_shelves_hall,
          nicolae_vaults_what_the_h, ontoclasm_vaults_fault, v_misc_2,
          nicolae_vaults_circle_grid_b, hangedman_vaults_stagger,
          hangedman_vaults_trim, nicolae_vaults_octagons,
          nicolae_vaults_little_squares_5, vaults_dpeg_encased_lava
Vaults:2: nicolae_vaults_yaktaur_gun_rack, hangedman_vaults_stitches,
          vaults_mumra_lcd, v_misc_11, minmay_crypt_entry_skeletal_spiral,
          vaults_standard_mumra_enter_the_diamond, ontoclasm_vaults_twist,
          serial_shops, nicolae_shop_stone, uniq_sojobo, uniq_xtahua,
          uniq_frederick
Vaults:3: v_misc_11, ontoclasm_vaults_eye, hangedman_vaults_impose, v_misc_12,
          grunt_vaults_hallway_short, vaults_room_door_ring, v_alt_pattern_5,
          v_misc_14, vaults_dpeg_cross, hangedman_vaults_restitches,
          st_more_cells, nicolae_vaults_asterisk, vaults_room_semicircle,
          dpeg_vaults_monster_box, serial_shops, shop, uniq_jorgrun
Vaults:4: hangedman_vaults_corner_blocks, v_misc_1, vaults_room_semicircle,
          v_misc_29, nicolae_vaults_know_your_exits, vaults_room_large_hall,
          nicolae_vaults_alarming, serial_ice_g, serial_shops, shop
Vaults:5: serial_shops
Crypt:1:  basic_loot_grate_trap, grunt_megastairs_1, uniq_khufu
Crypt:2:  cheibrodos_crypt_eye_of_stone
Crypt:3:  cryptofortress_bobbens
Ossuary:  ossuary_crypta
IceCv:    ice_cave_caverns_02
Volcano:  volcano_pools

Skill      XL: |  1  2  3  4  5  6  7  8  9 10 11 12 13 14 15 16 17 18 19 20 21 22 |
---------------+-------------------------------------------------------------------+-----
Conjurations   | 1 2 3 5 7 9 10 12 13 14 15 16 18 19 20 21 | 21.3
Spellcasting   | 2 3 4 6 7 8 9 10 11 12 13 14 16 18 19 | 19.8
Air Magic      | 3 |  3.6
Fighting       | 1 |  1.5
Poison Magic   | 4 6 7 |  7.2
Fire Magic     | 1 5 8 10 12 13 15 16 17 18 19 20 | 20.2
Shields        | 3 5 |  5.0
Evocations     | 3 |  3.3
Dodging        | 11 | 11.0
Stealth        | |  1.7

Action                   |  1- 3 |  4- 6 |  7- 9 | 10-12 | 13-15 | 16-18 | 19-21 | 22-24 || total
-------------------------+-------+-------+-------+-------+-------+-------+-------+-------++-------
Melee: Unarmed           |     6 |       |       |       |       |       |       |       ||     6
       Rapier            |    24 |    55 |    92 |       |       |       |       |       ||   171
       Whip              |     2 |       |       |       |       |       |       |       ||     2
       Short sword       |       |       |   288 |       |       |       |       |       ||   288
       Staff             |       |       |    12 |    45 |    71 |       |     8 |       ||   136
       Falchion          |       |       |       |       |       |       |       |     4 ||     4
Throw: Throwing net      |       |       |     3 |       |       |     1 |       |       ||     4
 Cast: Sting             |    51 |    27 |    51 |    32 |       |       |       |       ||   161
       Mephitic Cloud    |     1 |     8 |     3 |     7 |       |       |       |       ||    19
       Cure Poison       |       |     1 |     1 |     1 |     1 |     1 |       |       ||     5
       Venom Bolt        |       |       |    74 |    99 |    47 |     5 |       |       ||   225
       Stone Arrow       |       |       |    11 |    50 |    26 |    19 |    26 |       ||   132
       Fireball          |       |       |       |    45 |   274 |   328 |   125 |    39 ||   811
       Poison Arrow      |       |       |       |    40 |   106 |    20 |   121 |     2 ||   289
       Delayed Fireball  |       |       |       |     1 |     9 |    23 |    16 |     2 ||    51
       Bolt of Fire      |       |       |       |       |       |   148 |   200 |    38 ||   386
       Fire Storm        |       |       |       |       |       |    12 |    26 |    14 ||    52
       Iron Shot         |       |       |       |       |       |       |   102 |    40 ||   142
 Abil: Release Delayed F |       |       |       |     1 |     8 |    23 |    16 |     2 ||    50
Evoke: Wand              |       |       |     1 |     8 |     3 |     6 |       |       ||    18
       Deck              |       |       |       |     8 |     2 |     7 |     7 |     1 ||    25
       Rod               |       |       |       |       |       |       |     1 |       ||     1
       Sack of spiders   |       |       |       |       |       |       |     1 |     3 ||     4
       Lamp of fire      |       |       |       |       |       |       |     1 |       ||     1
       Fan of gales      |       |       |       |       |       |       |       |     1 ||     1
  Use: Scroll            |       |       |     9 |    12 |    20 |    15 |    21 |     1 ||    78
       Potion            |       |       |    11 |     3 |     8 |     8 |    11 |     4 ||    45
 Stab: Confused          |     1 |     4 |       |       |       |       |       |       ||     5
       Sleeping          |     1 |       |     3 |     1 |       |       |       |       ||     5
       Held in net/web   |       |       |     2 |       |       |       |       |       ||     2
  Eat: Chunk             |     1 |     2 |    42 |    59 |    50 |     7 |     6 |       ||   167
       Fruit             |       |       |     2 |       |     2 |    11 |       |       ||    15
       Beef jerky        |       |       |     1 |       |     1 |     4 |     2 |       ||     8
       Pizza             |       |       |     1 |       |     1 |     5 |     3 |       ||    10
       Royal jelly       |       |       |       |       |       |     4 |     7 |       ||    11
       Meat ration       |       |       |       |       |       |       |     1 |     2 ||     3
